 Dungeon Crawl Stone Soup version 0.27-a0-406-g23f261fbd2 (webtiles) character file.

Game seed: 8222170241040820637

13851 jasper the Covert (level 11, -1/64 HPs)
             Began as a Vampire Enchanter on Feb 22, 2021.
             Was a Priest of Ru.
             Slain by a komodo dragon (24 damage)
             ... on level 1 of the Lair of Beasts.
             The game lasted 00:35:36 (16715 turns).

jasper the Covert (Vampire Enchanter)              Turns: 16715, Time: 00:35:37

Health: -1/64      AC: 11    Str: 13    XL:     11   Next: 81%
Magic:  8/13       EV: 18    Int: 19    God:    Ru [***...]
Gold:   658        SH: 10    Dex: 17    Spells: 3/13 levels left

rFire    . . .     SeeInvis +   I - +0 dagger (speed)
rCold    + + .     Faith    .   J - +0 buckler
rNeg     + + +     Spirit   .   O - +0 steam dragon scales
rPois    ∞         Reflect  +   (no helmet)
rElec    .         Harm     .   (no cloak)
rCorr    .         Rampage  .   d - +0 pair of gloves
Will     +....                  Q - +0 pair of boots
Stlth    ++++......             s - amulet of reflection
HPRegen  0.00/turn              D - +4 ring of protection
MPRegen  0.13/turn              z - +6 ring of strength

@: bloodless, very slow
A: fangs 3, see invisible, unbreathing, inability to train armour, unskilled 1
a: Bat Form, Revivify, Renounce Religion, Draw Out Power


You were on level 1 of the Lair of Beasts.
You worshipped Ru.
Ru was most pleased with you.
You visited 2 branches of the dungeon, and saw 12 of its levels.

You collected 721 gold pieces.
You spent 63 gold pieces at shops.

Inventory:

Hand Weapons
 a - a +1 dagger
 I - a +0 dagger of speed (weapon)
 M - a +0 rapier
 Y - a +0 short sword of venom
Missiles
 g - 10 boomerangs
 i - 2 throwing nets
 p - 3 javelins
 x - 57 poisoned darts
 E - 8 curare-tipped darts
 K - 3 silver boomerangs
Armour
 b - a +0 robe
 d - a +0 pair of gloves (worn)
 e - a +0 leather armour
 v - a +1 leather armour of fire resistance
 J - a +0 buckler (worn)
 O - +0 steam dragon scales (worn)
 Q - a +0 pair of boots (worn)
Jewellery
 s - an amulet of reflection (around neck)
 z - a +6 ring of strength (right hand)
 D - a +4 ring of protection (left hand)
 H - a ring of flight
Wands
 F - a wand of random effects (62)
 L - a wand of flame (7)
 P - a wand of digging (3)
 S - a wand of mindburst (31)
Scrolls
 c - 8 scrolls of teleportation
 f - 3 scrolls of fear {unknown}
 h - 2 scrolls of fog
 k - a scroll of noise {unknown}
 l - 2 scrolls of blinking {unknown}
 m - 4 scrolls of enchant armour {unknown}
 o - 2 scrolls of random uselessness {unknown}
 u - 2 scrolls of immolation {unknown}
 w - 5 scrolls of enchant weapon {unknown}
 y - 2 scrolls of magic mapping {unknown}
 A - a scroll of identify
 U - 2 scrolls of amnesia {unknown}
 X - a scroll of torment {unknown}
Potions
 j - 2 potions of mutation
 n - 4 potions of curing
 q - 3 potions of invisibility
 r - 3 potions of attraction
 t - a potion of flight
 B - 2 potions of brilliance
 C - 2 potions of degeneration
 G - 3 potions of might
 N - a potion of resistance
 R - a potion of ambrosia
 T - a potion of lignification {unknown}
 V - a potion of berserk rage {unknown}
 W - a potion of magic {unknown}


   Skills:
 + Level 5.6 Fighting
 - Level 8.0 Short Blades
 + Level 8.3 Dodging
 + Level 13.7 Stealth
 - Level 4.5 Shields
 - Level 1.7 Spellcasting
 + Level 9.0 Hexes
 - Level 3.1 Translocations
 - Level 1.0 Ice Magic
 - Level 2.0 Evocations


You had 3 spell levels left.
You knew the following spells:

 Your Spells              Type           Power        Failure   Level
a - Corona                Hex            40%          1%          1
b - Ensorcelled Hibernat  Hex/Ice        40%          3%          2
c - Confusing Touch       Hex            36%          1%          3
d - Tukima's Dance        Hex            36%          1%          3
e - Apportation           Tloc           26%          4%          1

Your spell library contained the following spells:

 Spells                   Type           Power        Failure   Level
 Dazzling Flash           Conj/Hex       36%          9%          3
 Inner Flame              Hex/Fire       18%          9%          3
 Summon Guardian Golem    Hex/Summ       18%          9%          3
 Beastly Appendage        Tmut           2%           17%         1
 Foxfire                  Conj/Fire      4%           17%         1
 Magic Dart               Conj           4%           17%         1
 Summon Small Mammal      Summ           4%           17%         1
 Call Imp                 Summ           1%           26%         2
 Searing Ray              Conj           2%           26%         2
 Wereblood                Tmut           1%           26%         2
 Call Canine Familiar     Summ           1%           45%         3
 Conjure Flame            Conj/Fire      1%           45%         3
 Spider Form              Tmut/Pois      0%           45%         3
 Fulminant Prism          Conj/Hex       9%           26%         4
 Iskenderun's Mystic Bla  Conj/Tloc      7%           67%         4
 Ice Form                 Ice/Tmut       3%           80%         4
 Summon Ice Beast         Ice/Summ       3%           80%         4
 Sticky Flame             Conj/Fire      1%           86%         4
 Summon Lightning Spire   Summ/Air       1%           86%         4
 Blade Hands              Tmut           0%           99%         5
 Fireball                 Conj/Fire      0%           99%         5
 Irradiate                Conj/Tmut      0%           99%         5
 Hydra Form               Tmut           0%           100%        6
 Statue Form              Tmut/Erth      0%           100%        6
 Dragon Form              Tmut           0%           100%        7


Dungeon Overview and Level Annotations

Branches:
Dungeon (11/15)            Temple (0/1) D:5            Lair (1/6) D:8
    Orc (0/2) D:11

Altars:
Ashenzari
Cheibriados
Dithmenos
Elyvilon
Fedhas
Hepliaklqana
Okawaru
Ru
Sif Muna
Trog
Vehumet
Wu Jian
Yredelemnul

Shops:
D:4 =   D:10 [

Annotations:
D:5 exclusion: statue
D:8 Gastronok
D:10 2 transporters, gregwegmann's ghost, journeyman TrBe


Innate Abilities, Weirdness & Mutations

You do not regenerate when monsters are visible.
You are frail without blood (-20% HP).
You can heal yourself when you bite living creatures.
You are immune to poison.
You have razor-sharp teeth.
You have supernaturally acute eyesight. (SInv)
You can survive without breathing.
You cannot train Armour skill.
You are somewhat unskilled. (-1 Apt)


Message History

A komodo dragon comes into view.
You block the komodo dragon's attack.
Aiming: Ensorcelled Hibernation (safe; 3% risk of failure)
Press: ? - help, Q - select action, (/) - cycle Shift-Dir - straight line, f - komodo dragon
Aim: a komodo dragon (chance to affect: 32%)
You miscast Ensorcelled Hibernation.
You are very lightly contaminated with residual magic.
Nothing appears to happen.
The komodo dragon hisses angrily.
The frilled lizard hisses angrily.
The leopard gecko hisses angrily.
The komodo dragon completely misses you.
You now have 11/13 mp.
Aiming: Ensorcelled Hibernation (safe; 3% risk of failure)
Press: ? - help, Q - select action, (/) - cycle Shift-Dir - straight line, f/p - komodo dragon
Aim: a komodo dragon (water, chance to affect: 32%)
The komodo dragon easily resists.
The iguana splashes around in the water.
The komodo dragon bites you.
You take 1 damage, and have 63/64 hp.
You now have 9/13 mp.
Aiming: Ensorcelled Hibernation (safe; 3% risk of failure)
Press: ? - help, Q - select action, (/) - cycle Shift-Dir - straight line, f/p - komodo dragon
Aim: a komodo dragon (water, chance to affect: 32%)
The komodo dragon easily resists.
The leopard gecko hisses angrily.
The iguana splashes around in the water.
You block the komodo dragon's attack.
You now have 7/13 mp.
You closely miss the komodo dragon.
The komodo dragon is stunned by your conviction and fails to attack.
The iguana closely misses you. The komodo dragon bites you.
The komodo dragon bites you but does no damage.
You block the komodo dragon's attack. The komodo dragon barely misses you.
You take 6 damage, and have 57/64 hp.
The komodo dragon bites you!! The komodo dragon closely misses you.
You take 19 damage, and have 38/64 hp.
MASSIVE DAMAGE!!
You block the komodo dragon's attack.
Your magical contamination has completely faded away.
The komodo dragon bites you! The komodo dragon bites you!!
You die...

.....[# .. ##........... ......#
.. ≈.# #............ ......# ≈≈
..## #............ ......# #≈
#..# #............ ......# #≈##
..# #............ ......#
#≈≈####.# #......##.'## ......###
#≈#≈≈#.###......###.##
......##..##l≈≈l≈...........##.#.
......##...≈l≈ll@≈≈≈≈≈.....###...
......###..#ll#≈####≈≈......##...
......# #≈≈#≈..###≈.....###...
......# #≈##.#..##≈<....# ###.
......# #≈####.###≈.....# ##
......# #≈# . ##.....######
......# ≈≈# ###†...........
......# ≈.# ##.#...........
......# ≈≈l. ##†##...........


You could see 3 komodo dragons, an iguana, 2 leopard geckos and a frilled
lizard.

Vanquished Creatures
  Harold (D:11)
  Erolcha (D:11)
  A two-headed ogre (D:11)
  A cyclops (D:11)
  2 manticores (D:11)
  2 black mambas (Lair:1)
  A gargoyle (D:8)
  A cane toad (Lair:1)
  2 komodo dragons (Lair:1)
  Grinder (D:6)
  Sigmund (D:3)
  A wraith (D:10)
  2 wyverns
  10 yaks
  A basilisk (Lair:1)
  A steam dragon (D:8)
  Menkaure (D:7)
  3 water moccasins (Lair:1)
  Duvessa (D:6)
  A sky beast (D:11)
  7 orc warriors
  2 black bears
  A hornet zombie (D:7)
  A necrophage (D:8)
  7 centaurs
  4 ogres
  2 phantoms
  A kobold brigand (D:7)
  4 bullfrogs
  A gnoll sergeant (D:9)
  Dowan (D:6)
  2 scorpions
  5 killer bees (D:7)
  4 wights
  9 howler monkeys
  2 centaur zombies
  6 hounds
  3 centaur skeletons
  3 bullfrog skeletons
  11 orc priests
  2 jellies
  6 iguanas
  22 orc wizards
  Natasha (thrice) (D:4)
  10 worker ants
  A hound zombie (D:6)
  2 hound skeletons
  A worker ant zombie (D:11)
  A howler monkey zombie (D:9)
  11 gnolls
  12 adders
  3 shadow imps
  3 white imps (D:5)
  An ufetubus (D:5)
  An adder zombie (D:7)
  2 adder skeletons
  4 worms (D:2)
  3 dart slugs
  6 leopard geckos
  52 orcs
  7 bats
  3 giant cockroaches
  8 hobgoblins
  10 jackals
  10 kobolds
  5 quokkas
  2 ball pythons
  5 frilled lizards
  A giant cockroach zombie (D:6)
  14 goblins
  13 rats
335 creatures vanquished.

Notes
Turn   | Place    | Note
-------+----------+-------------------------------------------
     0 | D:1      | jasper the Vampire Enchanter began the quest for the Orb.
     0 | D:1      | Reached XP level 1. HP: 13/13 MP: 3/3
   259 | D:1      | Reached XP level 2. HP: 15/15 MP: 3/5
   366 | D:1      | Learned a level 2 spell: Ensorcelled Hibernation
   581 | D:1      | Reached skill level 5 in Stealth
   651 | D:1      | Reached skill level 5 in Hexes
   759 | D:1      | Reached XP level 3. HP: 19/19 MP: 6/6
  1275 | D:2      | Reached skill level 6 in Stealth
  1275 | D:2      | Reached XP level 4. HP: 24/24 MP: 7/7
  1300 | D:2      | Found a bloodstained altar of Trog.
  2020 | D:3      | Reached XP level 5. HP: 28/28 MP: 8/8
  2020 | D:3      | Noticed Sigmund
  2201 | D:3      | Killed Sigmund
  2202 | D:3      | Reached skill level 8 in Stealth
  2202 | D:3      | Reached XP level 6. HP: 32/32 MP: 6/9
  3181 | D:4      | Noticed Natasha
  3188 | D:4      | Killed Natasha
  3228 | D:4      | Reached XP level 7. HP: 35/37 MP: 5/10
  3261 | D:4      | Reached skill level 1 in Fighting
  3404 | D:4      | Noticed Natasha
  3409 | D:4      | Killed Natasha
  3410 | D:4      | Reached skill level 1 in Armour
  3505 | D:4      | Found Dajaqeh's Jewellery Shoppe.
  3507 | D:4      | Reached skill level 9 in Stealth
  3684 | D:4      | Learned a level 3 spell: Confusing Touch
  3688 | D:4      | Learned a level 3 spell: Tukima's Dance
  3924 | D:4      | Found a sacrificial altar of Ru.
  3927 | D:4      | Found an ornate altar of the Wu Jian Council.
  3930 | D:4      | Found a broken altar of Ashenzari.
  3933 | D:4      | Found a basalt altar of Yredelemnul.
  3948 | D:4      | Became a worshipper of Ru the Awakened
  4369 | D:5      | Entered Level 5 of the Dungeon
  4688 | D:5      | Found a sand-covered staircase.
  4849 | D:5      | Found a radiant altar of Vehumet.
  4871 | D:5      | Reached XP level 8. HP: 35/45 MP: 6/11
  4993 | D:5      | Reached skill level 10 in Stealth
  5253 | D:4      | Noticed Natasha
  5257 | D:4      | Killed Natasha
  6149 | D:5      | Found a shimmering blue altar of Sif Muna.
  6157 | D:5      | Reached skill level 1 in Evocations
  6163 | D:5      | Identified Sif Muna's Collected Works on the Voyage
  6195 | D:5      | Found an iron altar of Okawaru.
  6264 | D:5      | Found a staircase to the Ecumenical Temple.
  7244 | D:6      | Reached skill level 5 in Dodging
  7244 | D:6      | Reached skill level 11 in Stealth
  7452 | D:6      | Gained mutation: You are somewhat unskilled. (-1 Apt) [Ru
                  | sacrifice]
  7452 | D:6      | Reduced skill Stealth to level 10
  7452 | D:6      | Reduced skill Spellcasting to level 1
  7452 | D:6      | Reached * piety under Ru
  7455 | D:6      | Noticed Grinder
  7691 | D:6      | Killed Grinder
  7692 | D:6      | Reached skill level 1 in Ice Magic
  7792 | D:6      | HP: 1/48 [wight/+3 mace (8)]
  8397 | D:6      | Reached XP level 9. HP: 51/51 MP: 7/11
  8830 | D:6      | Reached skill level 5 in Dodging
  8834 | D:6      | Learned a level 1 spell: Apportation
  9101 | D:6      | Noticed Duvessa
  9101 | D:6      | Noticed Dowan
  9103 | D:6      | Killed Duvessa
  9104 | D:6      | Reached skill level 11 in Stealth
  9110 | D:6      | Killed Dowan
  9925 | D:7      | Found a blossoming altar of Fedhas.
 10122 | D:7      | Noticed Menkaure
 10130 | D:7      | Killed Menkaure
 10131 | D:7      | Reached skill level 5 in Short Blades
 10203 | D:7      | Found a white marble altar of Elyvilon.
 10412 | D:7      | Found a shadowy altar of Dithmenos.
 10416 | D:7      | Found a hazy altar of Hepliaklqana.
 10421 | D:7      | Found a snail-covered altar of Cheibriados.
 10585 | D:8      | Noticed a gargoyle
 10599 | D:8      | Killed a gargoyle
 10842 | D:8      | Found a staircase to the Lair.
 10910 | D:8      | Reached XP level 10. HP: 56/56 MP: 0/12
 11072 | D:8      | Noticed Gastronok
 12938 | D:10     | Entered Level 10 of the Dungeon
 13023 | D:10     | Reached skill level 1 in Shields
 13088 | D:10     | Found Hitec's Armour Shoppe.
 13128 | D:10     | Bought a +0 pair of boots for 63 gold pieces
 13785 | D:10     | Identified the +0 dire flail of Eternity {freeze, rElec rN+
                  | Will++ MP-9 Int+3}
 13785 | D:10     | Noticed a two-headed ogre
 13786 | D:10     | Noticed a two-headed ogre
 13787 | D:10     | Noticed gregwegmann's ghost (journeyman TrBe)
 13791 | D:10     | Found a transporter.
 13791 | D:10     | Noticed a two-headed ogre
 13797 | D:10     | Found a transporter.
 13847 | D:11     | Noticed a manticore
 13850 | D:11     | Killed a manticore
 13898 | D:11     | Reached skill level 12 in Stealth
 14215 | D:11     | Noticed Erolcha
 14218 | D:11     | Killed Erolcha
 14219 | D:11     | Reached skill level 1 in Translocations
 14227 | D:11     | Noticed a cyclops
 14253 | D:11     | Reached XP level 11. HP: 59/60 MP: 10/13
 14317 | D:11     | Noticed a two-headed ogre
 14326 | D:11     | Killed a two-headed ogre
 14503 | D:11     | Noticed Harold
 14505 | D:11     | Killed Harold
 15200 | D:11     | Found a staircase to the Orcish Mines.
 15310 | D:11     | Reached skill level 13 in Stealth
 15577 | Lair:1   | Entered Level 1 of the Lair of Beasts
 15742 | Lair:1   | Reached skill level 5 in Fighting
 16254 | Lair:1   | Gained mutation: You cannot train Armour skill. [Ru
                  | sacrifice]
 16254 | Lair:1   | Reached ** piety under Ru
 16254 | Lair:1   | Reached *** piety under Ru
 16715 | Lair:1   | Slain by a komodo dragon

Illustrated notes

Levels and vault maps discovered:
D:1:      tarquinn_simple_flora_water_a, layout_rooms,
          chequers_serial_rivers_micro_a, fountainhead
D:2:      layout_rooms, bloody_trog, kennysheep_generic_room_16
D:3:      layout_rooms, kennysheep_path_1, uniq_sigmund
D:4:      layout_loops_corners, grunt_temple_overflow_cloverleaf, serial_shops,
          shop, uniq_natasha
D:5:      layout_loops_ring, vehumet_statue, led_sif_book,
          minmay_temple_entry_enclosed_plants, basic_altar,
          nicolae_ossuary_entry_false_entrances
D:6:      layout_rooms, uniq_duvessa, uniq_grinder
D:7:      layout_gridville, elyvilon_altar_4, lemuel_coloured_pillars_altar,
          minmay_overflow_temple_star_quad, uniq_menkaure
D:8:      layout_rooms, lemuel_round_altar, lair_entry_dummy, uniq_gastronok
D:9:      layout_irregular_city
D:10:     layout_loops_ring, serial_shops, shop_statue, gammafunk_ghost_smash
D:11:     layout_long_grid, david_orc_4, uniq_erolcha, uniq_harold
Lair:1:   lemuel_reptile_caves, layout_regular_city, grunt_megastairs_1

Skill      XL: |  1  2  3  4  5  6  7  8  9 10 11 |
---------------+----------------------------------+-----
Stealth        | 5 6 8 9 10 11 12 13 | 13.7
Short Blades   | 2 6 8 |  8.0
Hexes          | 5 6 7 8 7 9 |  9.0
Fighting       | 2 3 5 |  5.6
Armour         | 1 0 |  0.0
Dodging        | 4 4 6 8 |  8.3
Evocations     | 2 |  2.0
Spellcasting   | 1 |  1.7
Ice Magic      | 1 |  1.0
Shields        | 4 |  4.5
Translocations | 1 3 |  3.1

Action                   |  1- 3 |  4- 6 |  7- 9 | 10-12 || total
-------------------------+-------+-------+-------+-------++-------
Melee: Dagger            |    83 |    98 |   435 |   368 ||   984
       Bite              |     3 |     6 |    32 |    41 ||    82
Throw: Boomerang         |     8 |       |       |       ||     8
 Cast: Corona            |     6 |       |       |       ||     6
       Ensorcelled Hiber |    16 |    29 |   116 |   123 ||   284
       Confusing Touch   |       |       |    15 |     8 ||    23
Invok: Sacrifice Skill   |       |       |     1 |       ||     1
       Reject Sacrifices |       |       |       |     1 ||     1
       Sacrifice Durabil |       |       |       |     1 ||     1
 Abil: Exsanguinate      |     1 |       |       |       ||     1
       End Transformatio |       |       |     1 |       ||     1
       Stop Flying       |       |       |     1 |       ||     1
       Bat Form          |       |       |     1 |       ||     1
Evoke: Wand              |       |       |    37 |    12 ||    49
  Use: Potion            |     1 |       |       |     4 ||     5
       Scroll            |       |     3 |     4 |     5 ||    12
 Stab: Sleeping          |    30 |    37 |    79 |    87 ||   233
       Confused          |       |       |    15 |     7 ||    22
       Distracted        |       |       |     1 |       ||     1
       Invisible         |       |       |       |     4 ||     4
Armor: Robe              |    22 |    16 |     9 |       ||    47
       Leather armour    |       |       |    88 |    14 ||   102
       Steam dragon scal |       |       |       |    33 ||    33
Dodge: Dodged            |    51 |    37 |   315 |   159 ||   562
Block: Other             |       |       |    20 |    17 ||    37
       Buckler           |       |       |       |    94 ||    94
       Reflection        |       |       |       |     3 ||     3

Table legend: (Time is in decaauts)
 A = Elapsed time spent in this place.
 B = Non-inter-level travel time spent in this place.
 C = Inter-level travel time spent in this place.
 D = Time resting spent in this place.
 E = Time spent auto-exploring this place.
 F = Levels seen in this place.
 G = Mean time per level.
                   A        B        C        D        E       F      G
               +--------+--------+--------+--------+--------+-----+--------+
         Total |  16422 |  16094 |    328 |   3547 |   9644 |  12 | 1368.5 |
       Dungeon |  15364 |  15036 |    328 |   3547 |   8785 |  11 | 1396.7 |
          Lair |   1057 |   1057 |      0 |      0 |    859 |   1 | 1057.0 |
               +--------+--------+--------+--------+--------+-----+--------+

Top non-repeatable levels by time:
     D:4: 2794 daAuts
     D:5: 2566 daAuts
     D:7: 1509 daAuts
    D:11: 1414 daAuts
     D:9: 1184 daAuts
    D:10: 1107 daAuts
     D:6: 1092 daAuts
     D:3: 1070 daAuts
  Lair:1: 1057 daAuts
     D:1: 886 daAuts
     D:2: 874 daAuts
     D:8: 862 daAuts
